TOP OF THE 1ST |
Kansas State Wildcats batting - Pitching for Oregon Ducks : RHP Miguel Pérez
|
Pitching: RHP Miguel Pérez
|
|
Batting: RHB Tony Klein
|
0-0: Ball 1-0: Fly out, F8 (Flyball, 89D)
|
Batting: RHB Ben McKenzie
|
0-0: Ball 1-0: Ball 2-0: Called Strike 2-1: Ball 3-1: Ground out 6-3 (Groundball, 6)
|
Batting: RHB Jeff Moore
|
0-0: Ball 1-0: Ball 2-0: Ball 3-0: Called Strike 3-1: Called Strike 3-2: Base on Balls
|
Batting: RHB Fred Smith
|
0-0: Called Strike 0-1: Swinging Strike 0-2: Strikes out swinging
|
Top of the 1st over - 0 runs, 0 hits, 0 errors, 1 left on base; Kansas State 0 - Oregon 0 |
BOTTOM OF THE 1ST |
Oregon Ducks batting - Pitching for Kansas State Wildcats : LHP Wilbert Greene
|
Pitching: LHP Wilbert Greene
|
|
Batting: RHB Paul Chávez
|
0-0: Called Strike 0-1: Ball 1-1: SINGLE (Flyball, 89S)
|
Batting: RHB Ed Hines
|
0-0: Ball 1-0: Called Strike 1-1: Fly out, F8 (Flyball, 8RD)
|
Batting: RHB Scott Elliott
|
0-0: Called Strike Paul Chávez is caught stealing 2nd base 0-1: Ground out 6-3 (Groundball, 6)
|
Bottom of the 1st over - 0 runs, 1 hit, 0 errors, 0 left on base; Kansas State 0 - Oregon 0 |
TOP OF THE 2ND |
Kansas State Wildcats batting - Pitching for Oregon Ducks : RHP Miguel Pérez
|
Batting: SHB Larry Edwards
|
0-0: Ball 1-0: Ball 2-0: Ground out 4-3 (Groundball, 4)
|
Batting: RHB Jody Stewart
|
0-0: Ball 1-0: Ball 2-0: Foul Ball, location: 2F 2-1: Hit by Pitch
|
Pinch Runner at 1st Richard Mitchell:
|
|
Batting: RHB James Venables
|
0-0: Called Strike 0-1: Ball 1-1: Foul Ball, location: 2F 1-2: Foul Ball, location: 2F 1-2: Ball 2-2: Foul Ball, location: 2F 2-2: SINGLE (Line Drive, 7LS) Richard Mitchell to second
|
Batting: LHB Tom Edwards
|
0-0: Ball 1-0: Called Strike 1-1: Ball 2-1: Fly out, F4 (Line Drive, 4M)
|
Batting: RHB Mario Ramírez
|
0-0: 3-RUN HOME RUN (Flyball, 7D), Distance : 363 ft
|
Batting: RHB Tony Klein
|
0-0: Ball 1-0: Ball 2-0: Ball 3-0: Called Strike 3-1: SINGLE (Flyball, 7S)
|
Batting: RHB Ben McKenzie
|
0-0: Fly out, F8 (Flyball, 8RM)
|
Top of the 2nd over - 3 runs, 3 hits, 0 errors, 1 left on base; Kansas State 3 - Oregon 0 |
BOTTOM OF THE 2ND |
Oregon Ducks batting - Pitching for Kansas State Wildcats : LHP Wilbert Greene
|
Batting: RHB Greg Huggins
|
0-0: Called Strike 0-1: Ball 1-1: Foul Ball, location: 2F 1-2: Foul Ball, location: 2F 1-2: Ball 2-2: Ground out 4-3 (Groundball, 34)
|
Batting: LHB Kay Hennessey
|
0-0: Ball 1-0: Foul Ball, location: 2F 1-1: Ground out 4-3 (Groundball, 4)
|
Batting: LHB Mike Sims
|
0-0: Ball 1-0: Called Strike 1-1: Swinging Strike 1-2: Strikes out swinging
|
Bottom of the 2nd over - 0 runs, 0 hits, 0 errors, 0 left on base; Kansas State 3 - Oregon 0 |
TOP OF THE 3RD |
Kansas State Wildcats batting - Pitching for Oregon Ducks : RHP Miguel Pérez
|
Batting: RHB Jeff Moore
|
0-0: Fly out, F4 (Flyball, 4MD)
|
Batting: RHB Fred Smith
|
0-0: Ball 1-0: Ball 2-0: Foul Ball, location: 2F 2-1: Ball 3-1: Fly out, F1 (Line Drive, 13)
|
Batting: SHB Larry Edwards
|
0-0: Foul Ball, location: 2F 0-1: Fly out, F5 (Line Drive, 5)
|
Top of the 3rd over - 0 runs, 0 hits, 0 errors, 0 left on base; Kansas State 3 - Oregon 0 |
BOTTOM OF THE 3RD |
Oregon Ducks batting - Pitching for Kansas State Wildcats : LHP Wilbert Greene
|
Batting: RHB César Fuentes
|
0-0: Called Strike 0-1: Ball 1-1: Ball 2-1: Foul Ball, location: 2F 2-2: Ball 3-2: Foul Ball, location: 2F 3-2: Strikes out looking
|
Batting: RHB Robin Mitchell
|
0-0: Called Strike 0-1: Ball 1-1: Ball 2-1: Swinging Strike 2-2: Strikes out swinging
|
Batting: RHB Douglas Turry
|
0-0: Ball 1-0: Swinging Strike 1-1: Foul Ball, location: 2F 1-2: Ball 2-2: Foul Ball, location: 2F 2-2: Strikes out swinging
|
Bottom of the 3rd over - 0 runs, 0 hits, 0 errors, 0 left on base; Kansas State 3 - Oregon 0 |
TOP OF THE 4TH |
Kansas State Wildcats batting - Pitching for Oregon Ducks : RHP Miguel Pérez
|
Batting: RHB Richard Mitchell
|
0-0: Ball 1-0: SOLO HOME RUN (Flyball, 7LD), Distance : 318 ft
|
Batting: RHB James Venables
|
0-0: Ball 1-0: Fly out, F9 (Flyball, 9)
|
Batting: LHB Tom Edwards
|
0-0: Ball 1-0: Called Strike 1-1: Ball 2-1: Foul Ball, location: 2F 2-2: Strikes out looking
|
Batting: RHB Mario Ramírez
|
0-0: Ball 1-0: Ball 2-0: Ball 3-0: Base on Balls
|
Batting: RHB Tony Klein
|
0-0: Ground out 4-3 (Groundball, 4M)
|
Top of the 4th over - 1 run, 1 hit, 0 errors, 1 left on base; Kansas State 4 - Oregon 0 |
BOTTOM OF THE 4TH |
Oregon Ducks batting - Pitching for Kansas State Wildcats : LHP Wilbert Greene
|
Batting: RHB Paul Chávez
|
0-0: Foul Ball, location: 2F 0-1: Ball 1-1: Swinging Strike 1-2: Foul Ball, location: 2F 1-2: Ground out 1-3 (Groundball, P)
|
Batting: RHB Ed Hines
|
0-0: Ball 1-0: Ball 2-0: Ball 3-0: Called Strike 3-1: Fly out, F7 (Flyball, 7LMF)
|
Batting: RHB Scott Elliott
|
0-0: Foul Ball, location: 2F 0-1: Ball 1-1: Ball 2-1: Called Strike 2-2: Foul Ball, location: 2F 2-2: Ground out 5-3 (Groundball, 5S)
|
Bottom of the 4th over - 0 runs, 0 hits, 0 errors, 0 left on base; Kansas State 4 - Oregon 0 |
TOP OF THE 5TH |
Kansas State Wildcats batting - Pitching for Oregon Ducks : RHP Miguel Pérez
|
Batting: RHB Ben McKenzie
|
0-0: Ground out 5-3 (Groundball, 56S)
|
Batting: RHB Jeff Moore
|
0-0: Called Strike 0-1: Ball 1-1: Swinging Strike 1-2: Ball 2-2: Fly out, F8 (Flyball, 8LD)
|
Batting: RHB Fred Smith
|
0-0: Foul Ball, location: 2F 0-1: Ball 1-1: Foul Ball, location: 2F 1-2: Strikes out swinging, 2-3 out at first.
|
Top of the 5th over - 0 runs, 0 hits, 0 errors, 0 left on base; Kansas State 4 - Oregon 0 |
BOTTOM OF THE 5TH |
Oregon Ducks batting - Pitching for Kansas State Wildcats : LHP Wilbert Greene
|
Batting: RHB Greg Huggins
|
0-0: Ball 1-0: Swinging Strike 1-1: Swinging Strike 1-2: Foul Ball, location: 2F 1-2: Ball 2-2: Foul Ball, location: 2F 2-2: Ball 3-2: SINGLE (Groundball, 6MD)
|
Batting: LHB Kay Hennessey
|
0-0: Ball 1-0: Fly out, F3 (Line Drive, 3S) Lined into DP, U3 (Line Drive, 3S)
|
Batting: LHB Mike Sims
|
0-0: Ball 1-0: Fly out, F8 (Flyball, 8LD)
|
Bottom of the 5th over - 0 runs, 1 hit, 0 errors, 0 left on base; Kansas State 4 - Oregon 0 |
TOP OF THE 6TH |
Kansas State Wildcats batting - Pitching for Oregon Ducks : RHP Miguel Pérez
|
Batting: SHB Larry Edwards
|
0-0: Ball 1-0: Foul Ball, location: 2F 1-1: Ball 2-1: SINGLE (Flyball, 78S)
|
Batting: RHB Richard Mitchell
|
0-0: Ball 1-0: Called Strike 1-1: SINGLE (Flyball, 8LM) Larry Edwards to second Runner from 2nd tries for 3rd, OUT after rundown.
|
Pitching: LHP Gustavo Maldonado
|
|
Batting: RHB James Venables
|
0-0: Called Strike 0-1: Ball 1-1: Foul Ball, location: 2F 1-2: Grounds into double play, 4-6-3 (Groundball, 4M)
|
Top of the 6th over - 0 runs, 2 hits, 0 errors, 0 left on base; Kansas State 4 - Oregon 0 |
BOTTOM OF THE 6TH |
Oregon Ducks batting - Pitching for Kansas State Wildcats : LHP Wilbert Greene
|
Batting: RHB César Fuentes
|
0-0: Called Strike 0-1: Ball 1-1: Ball 2-1: Foul Ball, location: 2F 2-2: Foul Ball, location: 2F 2-2: Ball 3-2: Strikes out swinging
|
Batting: RHB Robin Mitchell
|
0-0: Called Strike 0-1: Ball 1-1: Ball 2-1: Ball 3-1: Fly out, F6 (Line Drive, 56)
|
Batting: RHB Douglas Turry
|
0-0: Called Strike 0-1: Ball 1-1: Swinging Strike 1-2: Foul Ball, location: 2F 1-2: Strikes out looking
|
Bottom of the 6th over - 0 runs, 0 hits, 0 errors, 0 left on base; Kansas State 4 - Oregon 0 |
TOP OF THE 7TH |
Kansas State Wildcats batting - Pitching for Oregon Ducks : LHP Gustavo Maldonado
|
Batting: LHB Tom Edwards
|
0-0: Called Strike 0-1: Fly out, F8 (Flyball, 8RS)
|
Batting: RHB Mario Ramírez
|
0-0: Foul Ball, location: 2F 0-1: SINGLE (Line Drive, 34)
|
Batting: RHB Tony Klein
|
0-0: Ball 1-0: Swinging Strike 1-1: Foul Ball, location: 2F 1-2: Ball 2-2: Foul Ball, location: 2F 2-2: SINGLE (Groundball, 4) (infield hit) Mario Ramírez to second
|
Batting: RHB Ben McKenzie
|
0-0: Ball 1-0: SINGLE (Groundball, 5D) Mario Ramírez to third Tony Klein to second Runner from 3rd tries for Home, SAFE, throw made home
|
Now in LF: Floyd Turner
|
|
Batting: RHB Jeff Moore
|
0-0: Ball 1-0: Swinging Strike 1-1: Ball 2-1: Ball 3-1: Base on Balls Tony Klein to third Ben McKenzie to second
|
Batting: RHB Fred Smith
|
0-0: Foul Ball, location: 2F 0-1: Ball 1-1: Ball 2-1: Foul Ball, location: 2F 2-2: Strikes out looking
|
Batting: SHB Larry Edwards
|
0-0: Ball 1-0: Foul Ball, location: 2F 1-1: Fly out, F7 (Line Drive, 7)
|
Top of the 7th over - 1 run, 3 hits, 0 errors, 3 left on base; Kansas State 5 - Oregon 0 |
BOTTOM OF THE 7TH |
Oregon Ducks batting - Pitching for Kansas State Wildcats : LHP Wilbert Greene
|
Pitching: RHP Roberto Colón
|
|
Batting: RHB Paul Chávez
|
0-0: Ball 1-0: Called Strike 1-1: Called Strike 1-2: Strikes out swinging
|
Batting: RHB Ed Hines
|
0-0: Ball 1-0: Called Strike 1-1: Ground out 3-1 (Groundball, 3S)
|
Batting: RHB Scott Elliott
|
0-0: Ball 1-0: Ball 2-0: Called Strike 2-1: Ground out 5-3 (Groundball, 56S)
|
Bottom of the 7th over - 0 runs, 0 hits, 0 errors, 0 left on base; Kansas State 5 - Oregon 0 |
TOP OF THE 8TH |
Kansas State Wildcats batting - Pitching for Oregon Ducks : LHP Gustavo Maldonado
|
Batting: RHB Richard Mitchell
|
0-0: Ball 1-0: Ball 2-0: Called Strike 2-1: Ball 3-1: Foul Ball, location: 2F 3-2: Foul Ball, location: 2F 3-2: Strikes out swinging
|
Batting: RHB James Venables
|
0-0: Ball 1-0: Fly out, F8 (Line Drive, 8LD)
|
Batting: LHB Tom Edwards
|
0-0: Called Strike 0-1: Ball 1-1: Foul Ball, location: 2F 1-2: Strikes out looking
|
Top of the 8th over - 0 runs, 0 hits, 0 errors, 0 left on base; Kansas State 5 - Oregon 0 |
BOTTOM OF THE 8TH |
Oregon Ducks batting - Pitching for Kansas State Wildcats : RHP Roberto Colón
|
Batting: RHB Floyd Turner
|
0-0: Called Strike 0-1: Ball 1-1: Ball 2-1: Ball 3-1: Foul Ball, location: 2F 3-2: Base on Balls
|
Batting: LHB Kay Hennessey
|
0-0: Ball 1-0: Called Strike 1-1: Ball 2-1: Foul Ball, location: 2F 2-2: Ball 3-2: Foul Ball, location: 2F 3-2: Ground out U3 (Groundball, 3) Floyd Turner to second
|
Batting: LHB Mike Sims
|
0-0: Ball 1-0: Called Strike 1-1: Ball 2-1: Ball 3-1: Swinging Strike 3-2: Foul Ball, location: 2F 3-2: Base on Balls
|
Batting: RHB César Fuentes
|
0-0: Ball 1-0: Ball 2-0: Foul Ball, location: 2F 2-1: Fly out, F9 (Flyball, 9S)
|
Batting: RHB Robin Mitchell
|
0-0: Ball 1-0: Swinging Strike 1-1: Swinging Strike 1-2: Ball 2-2: Ball 3-2: Base on Balls Floyd Turner to third Mike Sims to second
|
Batting: RHB Douglas Turry
|
0-0: Ball 1-0: Ball 2-0: Swinging Strike 2-1: Called Strike 2-2: Strikes out swinging
|
Bottom of the 8th over - 0 runs, 0 hits, 0 errors, 3 left on base; Kansas State 5 - Oregon 0 |
TOP OF THE 9TH |
Kansas State Wildcats batting - Pitching for Oregon Ducks : LHP Gustavo Maldonado
|
Batting: RHB Mario Ramírez
|
0-0: Ball 1-0: Ball 2-0: Called Strike 2-1: Swinging Strike 2-2: Strikes out swinging
|
Batting: RHB Tony Klein
|
0-0: Ball 1-0: Ball 2-0: Called Strike 2-1: Ball 3-1: Base on Balls
|
Batting: RHB Ben McKenzie
|
0-0: Ball 1-0: Ball 2-0: Ball 3-0: Base on Balls Tony Klein to second
|
Pitching: LHP Leon Holliday
|
|
Batting: RHB Jeff Moore
|
0-0: Ball 1-0: Called Strike 1-1: DOUBLE (Flyball, 8LXD) Tony Klein scores Ben McKenzie to third Runner from 3rd tries for Home, SAFE, no throw
|
Batting: RHB Fred Smith
|
0-0: Called Strike 0-1: Ground out 4-3 (Groundball, 4) Jeff Moore to third
|
Batting: SHB Larry Edwards
|
0-0: Swinging Strike 0-1: Ball 1-1: Called Strike 1-2: Foul Ball, location: 2F 1-2: Ball 2-2: Strikes out swinging, 2-3 out at first.
|
Top of the 9th over - 2 runs, 1 hit, 0 errors, 1 left on base; Kansas State 7 - Oregon 0 |
BOTTOM OF THE 9TH |
Oregon Ducks batting - Pitching for Kansas State Wildcats : RHP Roberto Colón
|
Now at 1B: Enrique Navarro
|
|
Batting: RHB Paul Chávez
|
0-0: Ball 1-0: Called Strike 1-1: Swinging Strike 1-2: Ball 2-2: Ball 3-2: Ground out 6-3 (Groundball, 6)
|
Batting: RHB Ed Hines
|
0-0: Called Strike 0-1: Swinging Strike 0-2: Foul Ball, location: 2F 0-2: Foul Ball, location: 2F 0-2: Ball 1-2: Strikes out swinging
|
Batting: RHB Scott Elliott
|
0-0: Ball 1-0: Foul Ball, location: 2F 1-1: Called Strike 1-2: Ball 2-2: Fly out, F7 (Flyball, 7LS)
|
Bottom of the 9th over - 0 runs, 0 hits, 0 errors, 0 left on base; Kansas State 7 - Oregon 0 |
|